 Dungeon Crawl Stone Soup version bcrawl-1.19.2-6-g6a88ae04c9 (webtiles) character file.

Game seed: 12370820039134340170

216 Mrkan the Chopper (level 5, -1/47 HPs)
             Began as a Minotaur Fighter on Jan 14, 2020.
             Succumbed to Ijyb's poison
             ... on level 3 of the Dungeon.
             The game lasted 00:03:06 (1832 turns).

Mrkan the Chopper (Minotaur Fighter)                Turns: 1832, Time: 00:03:06

Health: -1/47      AC:  0    Str: 26    XL:     5   Next: 61%
Magic:  4/4        EV: 17    Int:  5    God:
Gold:   175        SH:  0    Dex: 15    Spells: 4/4 levels left

rFire    . . .     SeeInvis .   (weapon currently unavailable)
rCold    . . .     Gourm    .   (shield currently unavailable)
rNeg     . . .     Faith    .   (armour currently unavailable)
rPois    .         Spirit   .   (helmet currently unavailable)
rElec    .         Reflect  .   (cloak currently unavailable)
rCorr    .         Harm     .   (gloves currently unavailable)
MR       .....                  (boots currently unavailable)
Stlth    +.........             (no amulet)
HPRegen  0.15/turn              (ring currently unavailable)
MPRegen  0.09/turn              (ring currently unavailable)

@: mighty, lethally poisoned (-1 -> -28), bat-form, flying, very quick
A: tiny, (retaliatory headbutt)
a: no special abilities


You were on level 3 of the Dungeon.
You were not hungry.
You were in bat-form.
You visited 1 branch of the dungeon, and saw 3 of its levels.

You collected 175 gold pieces.

Inventory:

Hand Weapons
 a - a +0 war axe
 u - a +3 hand axe (melded)
Armour
 b - a +0 scale mail (melded)
 c - a +0 shield (melded)
 i - a +0 cloak (melded)
Jewellery
 j - an uncursed ring of protection from cold {unknown}
 p - an uncursed ring of fire {unknown}
Scrolls
 e - 2 scrolls of fog {unknown}
 g - 3 scrolls of fear {unknown}
 h - 2 scrolls of immolation {unknown}
 k - 3 scrolls of magic mapping {unknown}
 l - 3 scrolls of identify {unknown}
 n - 2 scrolls of blinking {unknown}
 q - 2 scrolls of remove curse {unknown}
 r - 3 scrolls of teleportation {unknown}
 w - a scroll of enchant weapon {unknown}
Potions
 m - a potion of flight {unknown}
 o - a potion of degeneration {unknown}
 s - a potion of haste {unknown}
 v - a potion of heal wounds {unknown}
 x - a potion of brilliance {unknown}
Comestibles
 f - 6 rations {!d}
 t - 2 chunks of flesh


   Skills:
 + Level 4.7 Fighting
 * Level 4.9 Axes
 + Level 4.7 Armour
 + Level 4.7 Shields


You had 4 spell levels left.
You didn't know any spells.
Your spell library was empty.

Dungeon Overview and Level Annotations

Branches:
Dungeon (3/12)

Altars:


Innate Abilities, Weirdness & Mutations

((You reflexively headbutt those who attack you in melee.))
((You have a pair of horns on your head.))


Message History

You hit Ijyb but do no damage.
Ijyb is severely wounded.
* * * LOW HITPOINT WARNING * * *
You feel very sick.
Ijyb zaps a wand.
You resist with some effort.
You feel very mighty all of a sudden.
* * * LOW HITPOINT WARNING * * *
You feel very sick.
Ijyb zaps a wand.
You resist with some effort.
You hit Ijyb.
Ijyb is almost dead.
* * * LOW HITPOINT WARNING * * *
You feel sick. Ijyb completely misses you.
You barely miss Ijyb.
Ijyb is almost dead.
* * * LOW HITPOINT WARNING * * *
You feel sick. Ijyb closely misses you.
You bite Ijyb!
You kill Ijyb!
You die...

########## #####
#........# ......
#.....?..# ......
#.).....P# .....
####.b....#
###...##.........#
............######
#....#.#....?#
#......#.......
#####.#.#......#
#....<#$#......#
...................
#.#.#.....#....#.##


There were no monsters in sight!

Vanquished Creatures
  Ijyb (D:3)
  A worker ant (D:2)
  6 gnolls (D:2)
  3 adders (D:2)
  An adder skeleton (D:2)
  4 worms (D:2)
  3 dart slugs
  2 leopard geckos
  3 orcs (D:2)
  4 giant cockroaches
  4 goblins
  11 hobgoblins
  8 kobolds
  A quokka (D:2)
  A ball python (D:1)
  2 bats
  A frilled lizard (D:1)
  A quokka skeleton (D:2)
  3 rats
60 creatures vanquished.

Notes
Turn   | Place    | Note
-------+----------+-------------------------------------------
     0 | D:1      | Mrkan the Minotaur Fighter began the quest for the Orb.
     0 | D:1      | Reached XP level 1. HP: 19/19 MP: 0/0
   235 | D:1      | Reached XP level 2. HP: 27/27 MP: 1/1
   870 | D:2      | Reached XP level 3. HP: 33/33 MP: 2/2
  1036 | D:2      | Reached XP level 4. HP: 40/40 MP: 3/3
  1288 | D:2      | Reached XP level 5. HP: 38/47 MP: 4/4
  1797 | D:3      | Noticed Ijyb
  1831 | D:3      | HP: 1/47 [poisoned by Ijyb]
  1832 | D:3      | Killed Ijyb
  1832 | D:3      | Succumbed to Ijyb's poison

Skill      XL: |  1  2  3  4 |
---------------+-------------+-----
Axes           | 3 4 |  4.9
Armour         | 4 |  4.7
Fighting       | 4 |  4.7
Shields        | 4 |  4.7

Action                   |  1- 3 |  4- 6 || total
-------------------------+-------+-------++-------
Melee: War axe           |    66 |    36 ||   102
       Headbutt          |    10 |     8 ||    18
       Hand axe          |       |    46 ||    46
       Unarmed           |       |    21 ||    21
  Use: Potion            |       |     1 ||     1
  Eat: Chunk             |       |     3 ||     3
Armor: Scale mail        |    37 |    41 ||    78
Dodge: Dodged            |    33 |    34 ||    67
Block: Shield            |    28 |    39 ||    67
